Workbook

Sheet HORÁRIOS 
A1: HORÁRIO | C1: HORAS DISPONÍVEIS
A2: 08:00-12:00 | B2: 13:00-18:00 | C2: SEMANA | D2: 9
A4: 0.33333333 | B4: 0.5 | C4: SABADO | D4: 4
A6: DIAS TRAB. SEMANA | D6: 22
A7: SABADOS TRABALHADO | D7: 4
A8: OPERAÇÃO/MÊS HORAS | D8: =(D7*D4)+(D6*D2) -> 214

Sheet INVEST. E DESPESAS
A1: SISTEMA DE ESTACIONAMENTO ROTATIVO CONTROLADO
A3: PLANILHA DE CUSTOS
A5: 1. DISTRIBUIÇÃO | D5: Proporção p/ Vaga | H5: Tipo de Vaga | I5: QTD de vagas | J5: Sin. Vertical(Un) | K5: Sin. Horizontal(m2)
A6: NÚMERO INICIAL DE VAGAS | B6: CARROS | C6: 615 | H6: Carro (pago) | I6: =C6 -> 615 | J6: =ROUND(I6/4.5,0) -> 137 | K6: =ROUND(I6*1.9,0) -> 1169
A7: NÚMERO INICIAL DE VAGAS | B7: MOTOS | C7: 0 | H7: Moto(bolsão) | I7: 68 | J7: =ROUND(I7/12,0) -> 6 | K7: =ROUND(I7*0.5,0) -> 34
A8: DISTRIBUIÇÃO E ATENDIMENTO | B8: Vagas p/ PDV | C8: 50 | D8: =ROUND(($C$6+$C$7)/C8,0) -> 12 | H8: Idoso (pago) | I8: 34 | J8: =I8 -> 34 | K8: =ROUND(I8*2.5,0) -> 85
B9: Vagas p/ Mon. | C9: 100 | D9: =ROUND(($C$6+$C$7)/C9,0) -> 6 | H9: PNE | I9: 19 | J9: =I9 -> 19 | K9: =ROUND(I9*2.5,0) -> 48
B10: Vagas p/ Par. | C10: 60 | D10: =ROUND(($C$6+$C$7)/C10,0) -> 10 | H10: Ráp+Ofic+E&D | I10: 10 | J10: =I10 -> 10 | K10: =ROUND(I10*2.5,0) -> 25
H11: C&D | I11: 7 | J11: =I11 -> 7 | K11: =ROUND(I11*2.5,0) -> 18
H12: Total | I12: =SUM(I6:I11) -> 753 | J12: =SUM(J5:J11) -> 213 | K12: =SUM(K5:L11) -> 1379
A15: 2. INVESTIMENTOS E DESPESAS | C15: GASTOS INICIAIS
C17: INVESTIMENTO | G17: OPERAÇÃO | L17: TOTAL
A20: 2.1 INVESTIMENTOS OPERACIONAIS
A21: 2.1.1 TECNOLOGIA
A22: ESPECIFICAÇÃO | B22: UNID. | C22: QUANTIDADE | D22: PREÇO UNITÁRIO | E22: TOTAL 1 | G22: UNID. | H22: QUANTIDADE | I22: PREÇO UNITÁRIO | J22: TOTAL 2 | L22: TOTAL
A23: PARQUÍMETRO | B23: PÇ | C23: =D10 -> 10 | D23: 34000 | E23: =C23*D23 -> 340000 | G23: PÇ | L23: =J23+E23 -> 340000
A24: SEGURO DE PARQUÍMETRO | B24: PÇ | E24: =C24*D24 -> 0 | G24: PÇ | H24: =C23 -> 10 | I24: 85 | J24: =H24*I24 -> 850 | L24: =J24+E24 -> 850
A25: CONFIGURAÇÃO E ENTREGA TÉCNICA | B25: PÇ | C25: =C23 -> 10 | D25: 175 | E25: =C25*D25 -> 1750 | G25: PÇ | J25: =H25*I25 -> 0 | L25: =J25+E25 -> 1750
A26: CONTADOR DE MOEDAS | B26: PÇ | C26: 1 | D26: 1500 | E26: =C26*D26 -> 1500 | G26: PÇ | J26: =H26*I26 -> 0 | L26: =J26+E26 -> 1500
A27: INSTALAÇÃO DE CONJUNTOS PARQUIMETRO NAS VIAS | B27: PÇ | C27: =C23 -> 10 | D27: 450 | E27: =C27*D27 -> 4500 | G27: PÇ | J27: =H27*I27 -> 0 | L27: =J27+E27 -> 4500
A28: BATERIA 12V RESERVA | B28: PÇ | C28: 3 | D28: 250 | E28: =C28*D28 -> 750 | G28: PÇ | J28: =H28*I28 -> 0 | L28: =J28+E28 -> 750
A29: TABLET P/ LEITURA DE PARQUÍMETRO | B29: PÇ | C29: 1 | D29: 1200 | E29: =C29*D29 -> 1200 | G29: PÇ | J29: =H29*I29 -> 0 | L29: =J29+E29 -> 1200
A30: MANUTENÇÃO DE PARQUÍMETROS | B30: PÇ | E30: =C30*D30 -> 0 | G30: PÇ | H30: =C23 -> 10 | I30: 90 | J30: =H30*I30 -> 900 | L30: =J30+E30 -> 900
A31: REPOSIÇÃO DIVERSA (BATERIA, PEDESTAL, SELETOR...) | B31: VB | E31: =C31*D31 -> 0 | G31: VB | H31: =C23 -> 10 | I31: 60 | J31: =H31*I31 -> 600 | L31: =J31+E31 -> 600
A32: SENSOR DE VAGA COM COMUNICAÇÃO 10% VAGAS CARRO | B32: PÇ | C32: 0 | D32: 0 | E32: =C32*D32 -> 0 | L32: =E32 -> 0
A33: TELEFONE MÓVEL - PLANO GPRS/3G/4G | E33: =C33*D33 -> 0 | G33: VB | H33: =C23 -> 10 | I33: 49 | J33: =H33*I33 -> 490 | L33: =J33+E33 -> 490
A34: TOTAL | E34: =SUM(E23:E33) -> 349700 | J34: =SUM(J23:J33) -> 2840 | L34: =SUM(L23:L33) -> 352540
A36: 2.1.2 EQUIPAMENTOS DE INFORMÁTICA E DE USO GERAL
A37: ESPECIFICAÇÃO | B37: UNID. | C37: QUANTIDADE | D37: PREÇO UNITÁRIO | E37: TOTAL 1 | G37: UNID. | H37: QUANTIDADE | I37: PREÇO UNITÁRIO | J37: TOTAL 2 | L37: TOTAL
A38: COMPUTADOR I5, 8GB RAM, HD 1TB | B38: PÇ | C38: 2 | D38: 4500 | E38: =C38*D38 -> 9000 | G38: PÇ | L38: =J38+E38 -> 9000
A39: IMPRESSORA LASER COM WI-FI | B39: PÇ | C39: 1 | D39: 1800 | E39: =C39*D39 -> 1800 | G39: PÇ | L39: =J39+E39 -> 1800
A40: TOTAL | E40: =SUM(E38:E39) -> 10800 | L40: =SUM(L38:L39) -> 10800
A42: 2.1.3 SINALIZAÇÃO REGULAMENTADORA
A43: ESPECIFICAÇÃO | B43: UNID. | C43: QUANTIDADE | D43: PREÇO UNITÁRIO | E43: TOTAL 1 | G43: UNID. | H43: QUANTIDADE | I43: PREÇO UNITÁRIO | J43: TOTAL 2 | L43: TOTAL
A44: PLACA DE REGULAMENTAÇÃO | B44: PÇ | C44: =J12 -> 213 | D44: 196 | E44: =C44*D44 -> 41748 | G44: PÇ | L44: =J44+E44 -> 41748
A45: POSTE GALVANIZADO + TRAVESSA + PORCAS+ ARRUELAS | B45: CJ | C45: =C44 -> 213 | D45: 141 | E45: =C45*D45 -> 30033 | G45: CJ | L45: =J45+E45 -> 30033
A46: INSTALAÇÃO PLACA E POSTE | B46: CJ | C46: =C45 -> 213 | D46: 67 | E46: =C46*D46 -> 14271 | G46: CJ | L46: =J46+E46 -> 14271
A47: PINTURA DE VAGA A FRIO | B47: m2 | C47: =K6 -> 1169 | D47: 19.5 | E47: =C47*D47 -> 22795.5 | G47: m2 | L47: =J47+E47 -> 22795.5
A48: PINTURA DE VAGA A FRIO - LEGENDA IDOSO | B48: m2 | C48: =K8 -> 85 | D48: 25 | E48: =C48*D48 -> 2125 | G48: m2 | L48: =J48+E48 -> 2125
A49: PINTURA DE VAGA A FRIO - LEGENDA PNE | B49: m2 | C49: =K9 -> 48 | D49: 25 | E49: =C49*D49 -> 1200 | G49: m2 | L49: =J49+E49 -> 1200
A50: PINTURA DE VAGA A FRIO - P/ VAGA RÁPIDA + OFICIAL + EMB/DES | B50: m2 | C50: =K10 -> 25 | D50: 25 | E50: =C50*D50 -> 625 | G50: m2 | L50: =J50+E50 -> 625
A51: PINTURA DE VAGA A FRIO - LEGENDA CARGA E DESCARGA | B51: m2 | C51: =K11 -> 18 | D51: 25 | E51: =C51*D51 -> 450 | G51: m2 | L51: =J51+E51 -> 450
A52: MANUTENÇÃO DA SINALIZAÇÃO VERTICAL 1% AO MÊS | G52: PÇ | H52: =C44*1% -> 2.13 | I52: =SUM(D44:D46) -> 404 | J52: =I52*H52 -> 860.52 | L52: =J52+E52 -> 860.52
A53: MANUTENÇÃO DA SINALIZAÇÃO HORIZONTAL 6% AO MÊS | G53: m² | H53: =SUM(C47:C51)*6% -> 80.7 | I53: =SUM(E47:E51)/SUM(C47:C51) -> 20.219703 | J53: =I53*H53 -> 1631.73 | L53: =J53+E53 -> 1631.73
A54: TOTAL | E54: =SUM(E44:E53) -> 113247.5 | J54: =SUM(J44:J53) -> 2492.25 | L54: =SUM(L44:L53) -> 115739.75
A56: 2.1.4 EQUIPAMENTO E MATERIAL DE ESCRITÓRIO
A57: ESPECIFICAÇÃO | B57: UNID. | C57: QUANTIDADE | D57: PREÇO UNITÁRIO | E57: TOTAL 1 | G57: UNID. | H57: QUANTIDADE | I57: PREÇO UNITÁRIO | J57: TOTAL 2 | L57: TOTAL
A58: MESA PARA GERENCIA | B58: PÇ | C58: 0 | D58: 750 | E58: =C58*D58 -> 0 | L58: =J58+E58 -> 0
A59: MESA PARA AUXILIAR ADMINISTRATIVOS | B59: PÇ | C59: 1 | D59: 490 | E59: =C59*D59 -> 490 | L59: =J59+E59 -> 490
A60: MESA PARA SUPERVISÃO | B60: PÇ | C60: 1 | D60: 490 | E60: =C60*D60 -> 490 | L60: =J60+E60 -> 490
A61: MESA DE REUNIÃO | B61: PÇ | C61: 1 | D61: 950 | E61: =C61*D61 -> 950 | L61: =J61+E61 -> 950
A62: CADEIRA GIRATÓRIA | B62: PÇ | C62: 2 | D62: 280 | E62: =C62*D62 -> 560 | L62: =J62+E62 -> 560
A63: CADEIRA FIXA SEM BRAÇO | B63: PÇ | C63: 10 | D63: 130 | E63: =C63*D63 -> 1300 | L63: =J63+E63 -> 1300
A64: MESA PARA COMPUTADORES | B64: PÇ | C64: 2 | D64: 280 | E64: =C64*D64 -> 560 | L64: =J64+E64 -> 560
A65: ARQUIVO 4 GAVETAS | B65: PÇ | C65: 1 | D65: 350 | E65: =C65*D65 -> 350 | L65: =J65+E65 -> 350
A66: ARMÁRIO DE AÇO 2 PORTAS | B66: PÇ | C66: 1 | D66: 420 | E66: =C66*D66 -> 420 | L66: =J66+E66 -> 420
A67: ESTANTE METÁLICA | B67: PÇ | C67: 1 | D67: 215 | E67: =C67*D67 -> 215 | L67: =J67+E67 -> 215
A68: MESA DE MADEIRA 10 LUGARES C/ CADEIRA OU BANCO | B68: PÇ | C68: 1 | D68: 1400 | E68: =C68*D68 -> 1400 | L68: =J68+E68 -> 1400
A69: BALCÃO DE ATENDIMENTO | B69: PÇ | C69: 1 | D69: 2000 | E69: =C69*D69 -> 2000 | L69: =J69+E69 -> 2000
... A82: ADAPTAÇÃO DO IMÓVEL | B82: VB | C82: 1 | D82: 3000 | E82: =C82*D82 -> 3000 | L82: =J82+E82 -> 3000
A83: MANUTENÇÃO | G83: VB | H83: 1 | I83: 300 | J83: =H83*I83 -> 300 | L83: =J83+E83 -> 300
A84: TOTAL | E84: =SUM(E58:E83) -> 106372 | J84: =SUM(J58:J83) -> 300 | L84: =SUM(L58:L83) -> 106672
A86: 2.1.5 SISTEMA DE FISCALIZAÇÃO ON-LINE
A87: ESPECIFICAÇÃO | B87: UNID. | C87: QUANTIDADE | D87: PREÇO UNITÁRIO | E87: TOTAL 1 | G87: UNID. | H87: QUANTIDADE | I87: PREÇO UNITÁRIO | J87: TOTAL 2 | L87: TOTAL
A88: LICENÇA DO SOFTWARE | B88: VB | C88: 1 | D88: 12000 | E88: =C88*D88 -> 12000 | L88: =J88+E88 -> 12000
A89: PDA - PERSONAL DIGITAL ASSISTENT / SMARTPHONE | B89: PÇ | C89: =D9+1 -> 7 | D89: 1300 | E89: =C89*D89 -> 9100 | L89: =J89+E89 -> 9100
A90: IMPRESSORA PORTÁTIL | B90: PÇ | C90: =C89 -> 7 | D90: 1100 | E90: =C90*D90 -> 7700 | L90: =J90+E90 -> 7700
A91: IMPLANTAÇÃO DO SISTEMA COM TREINAMENTO | B91: VB | C91: 1 | D91: 6500 | E91: =C91*D91 -> 6500 | L91: =J91+E91 -> 6500
A92: MENSALIDADE LICENÇA DE SOFTWARE | B92: PÇ | G92: VB | H92: 1 | I92: 3000 | J92: =H92*I92 -> 3000 | L92: =J92+E92 -> 3000
A93: BATERIA AUXILIAR PARA PDA | B93: PÇ | C93: =C89 -> 7 | D93: 72 | E93: =C93*D93 -> 504 | L93: =J93+E93 -> 504
A94: PAINEL PARA RECARGA DE BATERIAS / IMPRESSORAS | B94: PÇ | C94: 1 | D94: 380 | E94: =C94*D94 -> 380 | L94: =J94+E94 -> 380
A95: MEDIÇÃO DE SINAL - TELEFONE MÓVEL | B95: VB | C95: 1 | D95: 800 | E95: =C95*D95 -> 800 | L95: =J95+E95 -> 800
A96: MENSALIDADE TECNOLOGIA OCR EMBARCADO | B96: VB | G96: VB | H96: 0 | J96: =H96*I96 -> 0 | L96: =J96 -> 0
A97: TELEFONE MÓVEL - PLANO 3G/4G | G97: VB | H97: 16 | I97: 49 | J97: =I97*H97 -> 784 | L97: =J97+E97 -> 784
A98: TOTAL | E98: =SUM(E88:E97) -> 36984 | J98: =SUM(J88:J97) -> 3784 | L98: =SUM(L88:L97) -> 40768
A100: 2.1.6 SISTEMA DE POSTOS DE VENDA - PDV´s
A101: ESPECIFICAÇÃO | B101: UNID. | C101: QUANTIDADE | D101: PREÇO UNITÁRIO | E101: TOTAL 1 | G101: UNID. | H101: QUANTIDADE | I101: PREÇO UNITÁRIO | J101: TOTAL 2 | L101: TOTAL
A102: TERMINAL POS - PONTO DE VENDA PDV | B102: PÇ | C102: =D8 -> 12 | D102: 1100 | E102: =C102*D102 -> 13200 | L102: =J102+E102 -> 13200
A103: LICENÇA DE SOFTWARE EMBARCADO | B103: PÇ | G103: VB | H103: =C102 -> 12 | I103: 45 | J103: =I103*H103 -> 540 | L103: =J103+E103 -> 540
A104: CONSUMÍVEIS | B104: PÇ | G104: VB | H104: =H103*6 -> 72 | I104: =I136 -> 1.6 | J104: =I104*H104 -> 115.2 | L104: =J104+E104 -> 115.2
A105: TELEFONE MÓVEL - PLANO GPRS/3G/4G | B105: VB | G105: VB | H105: =C102 -> 12 | I105: 49 | J105: =I105*H105 -> 588 | L105: =J105+E105 -> 588
A106: TOTAL | E106: =SUM(E102:E105) -> 13200 | J106: =SUM(J102:J105) -> 1243.2 | L106: =SUM(L102:L105) -> 14443.2
A108: 2.2 TRANSPORTE, HOSPEDAGEM E ALIMENTAÇÃO PARA IMPLANTAÇÃO
A109: ESPECIFICAÇÃO | B109: UNID. | C109: QUANTIDADE | D109: PREÇO UNITÁRIO | E109: TOTAL 1 | G109: UNID. | H109: QUANTIDADE | I109: PREÇO UNITÁRIO | J109: TOTAL 2 | L109: TOTAL
A110: PASSAGEM AÉREA | B110: VB | C110: 3 | D110: 1100 | E110: =C110*D110 -> 3300 | G110: VB | L110: =J110+E110 -> 3300
A111: VEÍCULO UTILITÁRIO | B111: KM/ROD | C111: 500 | D111: 1.22 | E111: =C111*D111 -> 610 | G111: KM/ROD | L111: =J111+E111 -> 610
A112: HOSPEDAGEM | B112: DIÁRIA | C112: 20 | D112: 220 | E112: =C112*D112 -> 4400 | G112: DIÁRIA | L112: =J112+E112 -> 4400
A113: ALIMENTAÇÃO | B113: VB | C113: 20 | D113: 40 | E113: =C113*D113 -> 800 | G113: VB | L113: =J113+E113 -> 800
A114: TOTAL | E114: =SUM(E110:E113) -> 9110 | J114: =SUM(J110:J113) -> 0 | L114: =SUM(L110:L113) -> 9110
A116: 2.3 LANÇAMENTO E OPERACIONALIZAÇÃO
A117: 2.3.1 CUSTOS COM CENTRAL DE ATENDIMENTO
A118: ESPECIFICAÇÃO | B118: UNID. | C118: QUANTIDADE | D118: PREÇO UNITÁRIO | E118: TOTAL 1 | G118: UNID. | H118: QUANTIDADE | I118: PREÇO UNITÁRIO | J118: TOTAL 2 | L118: TOTAL
A119: CONSTITUIÇÃO EMPRESA NA CIDADE - JUNTA COMERCIAL | B119: VB | C119: 1 | D119: 2000 | E119: =C119*D119 -> 2000 | L119: =E119+J119 -> 2000
A120: INSTALAÇÃO CÂMERAS | B120: VB | C120: 1 | D120: 2000 | E120: =C120*D120 -> 2000 | L120: =E120+J120 -> 2000
A121: CARTAZ PARA DIVULGAÇÃO | B121: PÇ | C121: 200 | D121: 2.1 | E121: =C121*D121 -> 420 | L121: =E121+J121 -> 420
A122: PANFLETO PARA DIVULGAÇÃO | B122: PÇ | C122: 5000 | D122: 0.28 | E122: =C122*D122 -> 1400 | L122: =E122+J122 -> 1400
A123: LOCAÇÃO DE IMÓVEL | G123: MÊS | H123: 1 | I123: 1700 | J123: =I123*H123 -> 1700 | L123: =E123+J123 -> 1700
A124: SEGURANÇA E VIGILÂNCIA | G124: MÊS | H124: 1 | I124: 150 | J124: =H124*I124 -> 150 | L124: =E124+J124 -> 150
A125: SEGURO DE VIDA FUNCIONÁRIOS | G125: VB | H125: =H193 -> 9 | I125: 25 | J125: =I125*H125 -> 225 | L125: =E125+J125 -> 225
A126: LUZ/ÁGUA | G126: VB | H126: 1 | I126: 500 | J126: =I126*H126 -> 500 | L126: =E126+J126 -> 500
...

Sheet CÁLCULO TARIFÁRIO 
A1: PREVISÃO DE FATURAMENTO DO SISTEMA DE ESTACIONAMENTO ROTATIVO PAGO
A4: ESTIMATIVA DE ARRECADAÇÃO
B5: VAGA | C5: DIAS | D5: HORAS | E5: TAXA DE RESPEITO | F5: TAXA OCUP. | G5: HORAS EFETIVAS
A6: CARROS | B6: ='INVEST. E DESPESAS'!C6 -> 615 | C6: 4 | D6: ='HORÁRIOS '!D4 -> 4 | E6: 0.75 | F6: 0.45 | G6: =B6*C6*D6*E6*F6 -> 3321
C7: 22 | D7: 9 | G7: =B6*C7*D7*E6*F6 -> 41097.375
F8: TOTAL | G8: =SUM(G6:G7) -> 44418.375
A9: MOTOS | B9: ='INVEST. E DESPESAS'!C7 -> 0 | C9: 4 | D9: ='HORÁRIOS '!D4 -> 4 | E9: 0.6 | F9: 0.45 | G9: =F9*E9*D9*C9*B9 -> 0
C10: 22 | D10: 9 | G10: =B9*C10*D10*E9*F9 -> 0
F11: TOTAL | G11: =SUM(G9:G10) -> 0
B13: HORAS EFETIVAS | C13: UTILIZAÇÃO | D13: VALOR UNITÁRIO | E13: VALOR FATURADO MÊS | F13: SERVIÇOS | G13: DISTRIBUIÇÃO
A14: CARROS | B14: =$G$8 -> 44418.375 | C14: 0.37 | D14: 1 | E14: =D14*B14*C14 -> 16434.799 | F14: =C14*B14 -> 16434.799 | G14: =F14/$F$18 -> 0.37
B15: =$G$8 -> 44418.375 | C15: 0.42 | D15: 2 | E15: =D15*B15*C15 -> 37311.435 | F15: =C15*B15 -> 18655.717 | G15: =F15/$F$18 -> 0.42
B16: =$G$8 -> 44418.375 | C16: 0.13 | D16: 3 | E16: =D16*B16*C16 -> 17323.166 | F16: =C16*B16 -> 5774.3888 | G16: =F16/$F$18 -> 0.13
B17: =$G$8 -> 44418.375 | C17: 0.08 | D17: 4 | E17: =D17*B17*C17 -> 14213.88 | F17: =C17*B17 -> 3553.47 | G17: =F17/$F$18 -> 0.08
A18: FATURAMENTO TOTAL CARROS | E18: =SUM(E14:E17) -> 85283.28 | F18: =SUM(F14:F17) -> 44418.375
A19: MOTOS | B19: =$G$11 -> 0 | C19: 0.37 | D19: 0.5 | E19: =D19*B19*C19 -> 0 | F19: =C19*B19 -> 0 | G19: =F19/$F$23 -> #DIV/0!
B20: =$G$11 -> 0 | C20: 0.42 | D20: 1 | E20: =D20*B20*C20 -> 0 | F20: =C20*B20 -> 0 | G20: =F20/$F$23 -> #DIV/0!
B21: =$G$11 -> 0 | C21: 0.13 | D21: 1.5 | E21: =D21*B21*C21 -> 0 | F21: =C21*B21 -> 0 | G21: =F21/$F$23 -> #DIV/0!
B22: =$G$11 -> 0 | C22: 0.08 | D22: 2 | E22: =D22*B22*C22 -> 0 | F22: =C22*B22 -> 0 | G22: =F22/$F$23 -> #DIV/0!
A23: FATURAMENTO TOTAL MOTOS | E23: =SUM(E19:E22) -> 0 | F23: =SUM(F19:F22) -> 0
A24: ARRECADAÇÃO TOTAL | E24: =SUM(E18+E23) -> 85283.28
A26: 6 BASE DE CÁLCULO DO PREÇO PÚBLICO - ESTACIONAMENTO ROTATIVO CONTROLADO
F27: BASE | G27: VALOR
A28: 6.1 REMUNERAÇÃO À PREFEITURA | E28: 0.1 | F28: =E24 -> 85283.28 | G28: =F28*E28 -> 8528.328
A30: 6.2 CUSTO OPERACIONAL | G30: ='INVEST. E DESPESAS'!J222 -> 47348.712
A32: 6.3 COMISSÃO DE VENDAS (PONTOS DE VENDA) | F32: 0.05 | G32: =(E24*40%)*F32 -> 1705.6656
A33: Obs: 40% de comissão para pontos de venda, considerando que terá outras formas de venda do crédito, via aplicativo e parquímetro.
A35: 6.3 TAXA CARTÃO DE CRÉDITO/DÉBITO | F35: 0.035 | G35: =(E24*0.6)*F35 -> 1790.9489
A36: Obs: 60% das operações transacionadas via cartão de crédito/débito
A38: 6.4 TAXA DE ADMINISTRAÇÃO | F38: 0.14 | G38: =E24*F38 -> 11939.659
A40: 6.5 TOTAL DE CUSTEIO | G40: =SUM(G38+G32+G30+G28+G35) -> 71313.314
A42: 6.6 IMPOSTOS E CONTRIBUIÇÕES
A43: ESPECIFICAÇÃO | F43: ALÍQUOTA | G43: CUSTO/MÊS
A44: ISS | F44: 0.05 | G44: =$E$24*F44 -> 4264.164
A45: COFINS | F45: 0.03 | G45: =$E$24*F45 -> 2558.4984
A46: CONTRIBUIÇÃO SOCIAL - LUCRO PRESUMIDO | F46: 0.0288 | G46: =$E$24*F46 -> 2456.1585
A47: PIS | F47: 0.0065 | G47: =$E$24*F47 -> 554.34132
A48: IRPJ - LUCRO PRESUMIDO | F48: 0.048 | G48: =$E$24*F48 -> 4093.5974
A49: TOTAL | F49: =SUM(F44:F48) -> 0.1633 | G49: =SUM(G44:G48) -> 13926.76
A51: 6.7 CUSTO OPERACIONAL | F51: =G49+G40 -> 85240.073
A52: 6.8 VIABILIDADE OPERACIONAL | F52: =IF((E24-F51)>0, "VIÁVEL", "INVIÁVEL") -> VIÁVEL
A54: 7. QUADRO RESUMO DAS DESPESAS
A55: ESPECIFICAÇÃO | F55: PERCENTUAL | G55: CUSTO/MÊS
A56: TECNOLOGIA | F56: =G56/$G$74 -> 0.026109151 | G56: ='INVEST. E DESPESAS'!J34 -> 2840
A57: EQUIPAMENTOS DE INFORMÁTICA E USO GERAL | F57: =G57/$G$74 -> 0.099288319 | G57: ='INVEST. E DESPESAS'!L40 -> 10800
A58: SINALIZAÇÃO REGULAMENTADORA | F58: =G58/$G$74 -> 0.022912159 | G58: ='INVEST. E DESPESAS'!J54 -> 2492.25
A59: EQUIPAMENTOS E MATERIAIS DE ESCRITÓRIO | F59: =G59/$G$74 -> 0.0027580089 | G59: ='INVEST. E DESPESAS'!J84 -> 300
A60: SISTEMAS DE FISCALIZAÇÃO ON-LINE | F60: =G60/$G$74 -> 0.034787685 | G60: ='INVEST. E DESPESAS'!J98 -> 3784
A61: TRANSPORTE, HOSPEDAGEM E ALIMENTAÇÃO PARA OPERACIONALIZAÇÃO | F61: =G61/$G$74 -> 0.011429189 | G61: ='INVEST. E DESPESAS'!J106 -> 1243.2
A62: CUSTOS COM A CENTRAL DE ATENDIMENTO | F62: =G62/$G$74 -> 0.030843733 | G62: ='INVEST. E DESPESAS'!J132 -> 3355
A63: MATERIAL DE CONSUMO | F63: =G63/$G$74 -> 0.010636721 | G63: ='INVEST. E DESPESAS'!J143 -> 1157
A64: RECRUTAMENTO E SELEÇÃO | F64: =G64/$G$74 -> 0.032406604 | G64: ='INVEST. E DESPESAS'!L153 -> 3525
A65: TREINAMENTO | F65: =G65/$G$74 -> 0.0013330376 | G65: ='INVEST. E DESPESAS'!J164 -> 145
A66: SALÁRIOS + ENCARGOS | F66: =G66/$G$74 -> 0.2618737 | G66: ='INVEST. E DESPESAS'!J178 -> 28485.082
A67: VALE TRANSPORTE | F67: =G67/$G$74 -> 0.026947401 | G67: ='INVEST. E DESPESAS'!J194 -> 2931.18
A68: UNIFORMES | F68: =G68/$G$74 -> 0.0056631115 | G68: ='INVEST. E DESPESAS'!J207 -> 616
A69: ÓRGÃOS DE COMUNICAÇÃO | F69: =G69/$G$74 -> 0.10112699 | G69: ='INVEST. E DESPESAS'!L214 -> 11000
A70: COMISSÃO DE VENDAS (POSTOS DE VENDA) | F70: =G70/$G$74 -> 0.015680803 | G70: =G32 -> 1705.6656
A71: TAXA DE ADMINISTRAÇÃO | F71: =G71/$G$74 -> 0.10976562 | G71: =G38 -> 11939.659
A72: REMUNERAÇÃO À PREFEITURA | F72: =G72/$G$74 -> 0.078404014 | G72: =G28 -> 8528.328
A73: IMPOSTOS E CONTRIBUIÇÕES | F73: =G73/$G$74 -> 0.12803376 | G73: =G49 -> 13926.76
A74: TOTAL | G74: =SUM(G56:G73) -> 108774.12
A76: VALOR DA TARIFA
B77: TEMPO DE PERMANÊNCIA | G77: VALOR UNITÁRIO
A78: CARROS | B78: 30 MINUTOS | G78: 1
B79: 60 MINUTOS | G79: 2
B80: 90 MINUTOS | G80: 3
B81: 120 MINUTOS | G81: 4
A83: MOTOS | B83: 30 MINUTOS | G83: 0.5
B84: 60 MINUTOS | G84: 1
B85: 90 MINUTOS | G85: 1.5
B86: 120 MINUTOS | G86: 2

Sheet RECEITA ESTIMADA
A1: RECEITA PREVISTA - ARRECADAÇÃO
A2: ANO | B2: Meses | G2: RECEITA
A3: 1 | B3: 12 | G3: ='CÁLCULO TARIFÁRIO '!$E$24*B3 -> 1023399.4
A4: 2 | B4: 12 | G4: ='CÁLCULO TARIFÁRIO '!$E$24*B4 -> 1023399.4
A5: 3 | B5: 12 | G5: ='CÁLCULO TARIFÁRIO '!$E$24*B5 -> 1023399.4
A6: 4 | B6: 12 | G6: ='CÁLCULO TARIFÁRIO '!$E$24*B6 -> 1023399.4
A7: 5 | B7: 12 | G7: ='CÁLCULO TARIFÁRIO '!$E$24*B7 -> 1023399.4
A8: 6 | B8: 12 | G8: ='CÁLCULO TARIFÁRIO '!$E$24*B8 -> 1023399.4
A9: 7 | B9: 12 | G9: ='CÁLCULO TARIFÁRIO '!$E$24*B9 -> 1023399.4
A10: 8 | B10: 12 | G10: ='CÁLCULO TARIFÁRIO '!$E$24*B10 -> 1023399.4
A11: 9 | B11: 12 | G11: ='CÁLCULO TARIFÁRIO '!$E$24*B11 -> 1023399.4
A12: 10 | B12: 12 | G12: ='CÁLCULO TARIFÁRIO '!$E$24*B12 -> 1023399.4
A13: TOTAL DA ARRECADAÇÃO PREVISTA | G13: =SUM(G3:G12) -> 10233994

Sheet DEPRECIAÇÃO
A1: COMPOSIÇÃO DE INVESTIMENTO E CRONOGRAMA DE REINVESTIMENTOS/DEPRECIAÇÃO
A2: ITEM | B2: ANO 1 | C2: ANO 2 | D2: ANO 3 | E2: ANO 4 | F2: ANO 5 | G2: ANO 6 | H2: ANO 7 | I2: ANO 8 | J2: ANO 9 | K2: ANO 10
A3: 2.1 - TECNOLOGIA | B3: ='INVEST. E DESPESAS'!E34 -> 349700
A4: Equipamentos com previsão de vida útil 10 anos, com devidas manuteções preventivas e corretivas.
A5: 2.1.2 - EQUIP. INFORMÁTICA | B5: ='INVEST. E DESPESAS'!E40 -> 10800 | G5: =B5 -> 10800
A6: Equipamentos com previsão de vida útil 5 anos.
A7: 2.1.3 - SINALIZAÇÃO | B7: ='INVEST. E DESPESAS'!E54 -> 113247.5
A8: Custo de reposição/manutenção inclusos nas despesas mensais.
A9: 2.1.4 - MATERIAL DE ESCRITÓRIO | B9: ='INVEST. E DESPESAS'!E84 -> 106372 | G9: ='INVEST. E DESPESAS'!E80 -> 80000
A10: Previsão de troca do carro de fiscalização em até 5 anos de uso.
A11: 2.1.5 - SISTEMA DE FISCALIZAÇÃO ON-LINE | B11: ='INVEST. E DESPESAS'!E98 -> 36984 | E11: =SUM('INVEST. E DESPESAS'!E89) -> 9100 | G11: =SUM('INVEST. E DESPESAS'!E90) -> 7700 | H11: =E11 -> 9100
A12: Previsão de troca dos PDA´s dos monitores a cada 3 anos, no mínimo 3 trocas em 10 anos. Previsão de troca das impressoras a cada 5 anos.
A13: 2.1.6 -SISTEMA DE POSTOS DE VENDA - PDV | B13: ='INVEST. E DESPESAS'!E106 -> 13200 | G13: =B13 -> 13200
A14: Previsão de troca dos equipamentos PDV a cada 5 anos.
A15: SUB-TOTAL

Sheet TIR VPL
A1: TIR - TAXA INTERNA DE RETORNO
A2: ANO | B2: FLUXO DE CAIXA | F2: FLUXO DESCONTADO | G2: RETORNO CAPITAL INVESTIDO
A3: 0 | B3: =-'INVEST. E DESPESAS'!E222 -> -727071.5 | F3: =-PV($B$15,A3,,B3) -> -727071.5 | G3: =F3 -> -727071.5
A4: 1 | B4: =('CÁLCULO TARIFÁRIO '!$G$38)*12 -> 143275.91 | F4: =-PV($B$15,A4,,B4) -> 129661.46 | G4: =G3+F4 -> -597410.04
A5: 2 | B5: =('CÁLCULO TARIFÁRIO '!$G$38)*12 -> 143275.91 | F5: =-PV($B$15,A5,,B5) -> 117340.69 | G5: =G4+F5 -> -480069.36
A6: 3 | B6: =('CÁLCULO TARIFÁRIO '!$G$38)*12 -> 143275.91 | F6: =-PV($B$15,A6,,B6) -> 106190.67 | G6: =G5+F6 -> -373878.69
A7: 4 | B7: =('CÁLCULO TARIFÁRIO '!$G$38)*12 -> 143275.91 | F7: =-PV($B$15,A7,,B7) -> 96100.15 | G7: =G6+F7-(SUM(DEPRECIAÇÃO!E11)) -> -286878.54
A8: 5 | B8: =('CÁLCULO TARIFÁRIO '!$G$38)*12 -> 143275.91 | F8: =-PV($B$15,A8,,B8) -> 86968.461 | G8: =G7+F8 -> -199910.08
A9: 6 | B9: =('CÁLCULO TARIFÁRIO '!$G$38)*12 -> 143275.91 | F9: =-PV($B$15,A9,,B9) -> 78704.49 | G9: =G8+F9-(SUM(DEPRECIAÇÃO!G5+DEPRECIAÇÃO!G9+DEPRECIAÇÃO!G11+DEPRECIAÇÃO!G13)) -> -232905.59
A10: 7 | B10: =('CÁLCULO TARIFÁRIO '!$G$38)*12 -> 143275.91 | F10: =-PV($B$15,A10,,B10) -> 71225.783 | G10: =G9+F10-(SUM(DEPRECIAÇÃO!H11)) -> -170779.81
A11: 8 | B11: =('CÁLCULO TARIFÁRIO '!$G$38)*12 -> 143275.91 | F11: =-PV($B$15,A11,,B11) -> 64457.722 | G11: =G10+F11 -> -106322.09
A12: 9 | B12: =('CÁLCULO TARIFÁRIO '!$G$38)*12 -> 143275.91 | F12: =-PV($B$15,A12,,B12) -> 58332.78 | G12: =G11+F12 -> -47989.306
A13: 10 | B13: =('CÁLCULO TARIFÁRIO '!$G$38)*12 -> 143275.91 | F13: =-PV($B$15,A13,,B13) -> 52789.846 | G13: =G12+F13 -> 4800.5402
A15: TAXA DESCONTO (I) (SELIC 06/2024) | B15: 0.105
A16: TIR | B16: =IRR(B3:B13) -> 0.14710603 | C16: +
A17: VPL | B17: =NPV(B15,B4:B13)+B3 -> 134700.54 | C17: +
A18: PAYBACK COMPENSADO | B18: =A9-G9/F10 -> 9.2699618 | C18: anos
A20: ANO 0 - SOMENTE INVESTIMENTO CONSIDERADO O TOTAL
A21: ANO 1 ATÉ 10 - RETORNO FINACEIRO DA TAXA DE ADMINISTRAÇÃO
A22: NO RETORNO DO CAPITAL INVESTIDO É ACRESCIDO A REPOSIÇÃO PREVISTA NA PLANILHA DE DEPRECIAÇÃO
